 Dungeon Crawl Stone Soup version 0.20-a0-947-g2784f4f (webtiles) character file.

84 nikopol the Skirmisher (level 4, 0/29 HPs)
             Began as a Gargoyle Berserker on Apr 3, 2017.
             Was a Believer of Trog.
             Killed by nerve-wracking pain
             ... invoked by Jessica
              (7 damage)
             ... on level 2 of the Dungeon.
             The game lasted 00:04:05 (1517 turns).

nikopol the Skirmisher (Gargoyle Berserker)         Turns: 1517, Time: 00:04:06

Health: 0/29       AC: 13    Str: 21    XL:     4   Next: 45%
Magic:  4/4        EV:  8    Int:  7    God:    Trog [**....]
Gold:   43         SH:  0    Dex: 10    Spells: 3/3 levels left

rFire    . . .     SeeInvis .   a - +0 hand axe
rCold    . . .     Gourm    .   (no shield)
rNeg     + . .     Faith    .   l - +0 chain mail
rPois    ∞         Spirit   .   (no helmet)
rElec    +         Reflect  .   m - +0 cloak
rCorr    .         Harm     .   (no gloves)
MR       .....                  (no boots)
Stlth    ..........             (no amulet)
Regen    0.1/turn               (no ring)
MPRegen  0.1/turn               (no ring)

@: exhausted, slowed, very slow
A: negative energy resistance 1, electricity resistance, unbreathing,
petrification resistance, rot immunity, AC +3
a: Berserk, Trog's Hand, Burn Spellbooks, Renounce Religion


You were on level 2 of the Dungeon.
You worshipped Trog.
Trog was pleased with you.
You were near starving.

You visited 1 branch of the dungeon, and saw 2 of its levels.

You collected 43 gold pieces.

Inventory:

Hand Weapons
 a - a +0 hand axe (weapon)
Armour
 b - a +0 animal skin
 j - a +0 ring mail
 l - a +0 chain mail (worn)
 m - a +0 cloak (worn)
Scrolls
 f - 2 scrolls of remove curse {unknown}
 g - 4 scrolls of identify {unknown}
 k - a scroll of amnesia {unknown}
 n - a scroll of teleportation {unknown}
Potions
 d - a potion of flight {unknown}
 e - a potion of mutation {unknown}
 h - a potion of agility {unknown}
 i - 5 potions of curing {unknown}
Comestibles
 c - a bread ration
 o - a meat ration


   Skills:
 + Level 4.0 Fighting
 + Level 3.2 Axes
 + Level 3.2 Armour
 + Level 2.2 Dodging


You had 3 spell levels left.
You didn't know any spells.

Dungeon Overview and Level Annotations

Branches:
Dungeon (2/15)

Altars:
Fedhas

Annotations:
D:2 Jessica


Innate Abilities, Weirdness & Mutations

You are resistant to torment.
Your stone body is resilient. (AC +3)
You are immune to poison.
You resist negative energy. (rN+)
You are resistant to electric shocks. (rElec)
You can survive without breathing.
You are immune to petrification.
You are immune to rotting.


Message History

Jessica hits you with a club.
* * * LOW HITPOINT WARNING * * *
Jessica barely misses you.
You hit Jessica but do no damage.
Jessica is almost dead.
Your skin stops crawling.
You feel less resistant to hostile enchantments.
Jessica barely misses you. Jessica hits you but does no damage.
You hit Jessica but do no damage.
Jessica is almost dead.
Jessica mumbles something strange.
Jessica hits you but does no damage. Jessica says, "Why did you come here?"
Jessica gestures at you while chanting. Pain shoots through your body!
* * * LOW HITPOINT WARNING * * *
Jessica gestures wildly.
Jessica casts a spell at you. Pain shoots through your body!
You die...

#...................#
#............########
#......##########.
#......#####.....
#......#.......##
#.....))........#
#......#......[.#
#......#..).....#
#......#...@@...#
#####...........#
########..#.# ..# #
#.# .# .# .#


You could see Jessica.

Vanquished Creatures
  4 gnolls (D:2)
  An adder (D:2)
  A worm (D:2)
  A dart slug (D:2)
  2 leopard geckos
  6 bats
  2 giant cockroaches (D:1)
  2 goblins
  4 hobgoblins (D:1)
  3 kobolds (D:1)
  2 frilled lizards
  3 rats
31 creatures vanquished.

Notes
Turn   | Place    | Note
-------+----------+-------------------------------------------
     0 | D:1      | nikopol the Gargoyle Berserker began the quest for the Orb.
     0 | D:1      | Reached XP level 1. HP: 14/14 MP: 1/1
   434 | D:1      | Reached XP level 2. HP: 13/19 MP: 2/2
  1223 | D:2      | Found a blossoming altar of Fedhas.
  1243 | D:2      | Reached XP level 3. HP: 23/23 MP: 3/3
  1410 | D:2      | Reached ** piety under Trog
  1484 | D:2      | Noticed Jessica
  1493 | D:2      | Reached XP level 4. HP: 18/29 MP: 4/4
  1513 | D:2      | Reached skill level 4 in Fighting
  1517 | D:2      | Killed from afar by Jessica

Vault maps used:
D:1:      dpeg_arrival_simpleton_c, serial_glass, glass_columns_a,
          glass_columns_b, glass_columns_b, glass_columns_b, glass_columns_a,
          glass_columns_a, chequers_big_river, roderic_serpentine_path
D:2:      lemuel_statue_altar, uniq_jessica

Skill      XL: |  1  2  3  4 |
---------------+-------------+-----
Axes           | 3 |  3.2
Dodging        | 2 |  2.2
Armour         | 3 |  3.2
Fighting       | 4 |  4.0

Action                   |  1- 3 |  4- 6 || total
-------------------------+-------+-------++-------
Melee: Hand axe          |   110 |    17 ||   127
Invok: Berserk           |     1 |       ||     1
       Trog's Hand       |       |     1 ||     1
  Eat: Chunk             |     2 |       ||     2
Armor: Animal skin       |    29 |       ||    29
       Chain mail        |    19 |    22 ||    41
       Ring mail         |     2 |       ||     2
Dodge: Dodged            |    98 |    10 ||   108
